 Dungeon Crawl Stone Soup version bcrawl-1.12-11-gb93c957c58 (webtiles) character file.

Game seed: 16037395400985502911

171 McKennaii the Magician (level 5, -2/39 HPs)
             Began as an Oni Wizard on July 7, 2019.
             Slain by a hound (4 damage)
             ... on level 4 of the Dungeon.
             The game lasted 00:05:55 (1965 turns).

McKennaii the Magician (Oni Wizard)                 Turns: 1965, Time: 00:05:56

Health: -2/39      AC:  2    Str: 11    XL:     5   Next: 51%
Magic:  1/12       EV: 27    Int: 20    God:
Gold:   229        SH:  0    Dex:  9    Spells: 8/11 levels left

rFire    . . .     SeeInvis .     - Unarmed
rCold    . . .     Gourm    .   (no shield)
rNeg     . . .     Faith    .   a - +0 animal skin
rPois    .         Spirit   .   b - +0 hat
rElec    .         Reflect  .   (no cloak)
rCorr    .         Harm     .   (no gloves)
MR       .....                  (no boots)
Stlth    ++........             f - amulet of the acrobat
HPRegen  0.13/turn              (no ring)
MPRegen  0.13/turn              (no ring)

@: very slightly contaminated, invisible
A: oni magic, claws 1, fangs 1, horns 1
a: no special abilities


You were on level 4 of the Dungeon.
You were not hungry.

You visited 1 branch of the dungeon, and saw 4 of its levels.

You collected 229 gold pieces.

Inventory:

Armour
 a - a +0 animal skin (worn)
 b - a +0 hat (worn)
Jewellery
 f - an amulet of the acrobat (around neck)
Scrolls
 c - 5 scrolls of immolation {unknown}
 i - 3 scrolls of identify {unknown}
 j - a scroll of remove curse {unknown}
 n - 4 scrolls of teleportation {unknown}
 o - a scroll of enchant armour {unknown}
Potions
 k - a potion of agility {unknown}
 l - a potion of mutation {unknown}
 m - a potion of brilliance {unknown}
 q - a potion of haste {unknown}
Comestibles
 d - 6 rations {!d}


   Skills:
 + Level 0.3 Fighting
 + Level 2.5 Dodging
 + Level 2.1 Stealth
 + Level 1.6 Unarmed Combat
 + Level 3.5 Spellcasting


You had 8 spell levels left.
You knew the following spells:

 Your Spells              Type           Power        Failure   Level  Hunger
a - Magic Dart            Conj           ###.         2%          1    None
b - Call Imp              Summ           ###.....     3%          2    ##.....

Your spell library contained the following spells:

 Spells                   Type           Power        Failure   Level  Hunger
 Freeze                   Ice            ###.         2%          1    None
 Slow                     Hex            ###.....     2%          1    None
 Blink                    Tloc           N/A          3%          2    ##.....
 Corpse Rot               Necr           N/A          3%          2    ##.....
 Conjure Flame            Conj/Fire      ###.....     10%         3    ###....
 Mephitic Cloud           Conj/Pois/Air  ###.....     10%         3    ###....


Dungeon Overview and Level Annotations

Branches:
Dungeon (4/12)
 Temple: D:4-7

Altars:
Ashenzari


Innate Abilities, Weirdness & Mutations

You learn spells by gaining experience, not through books or religion.
You only train spellcasting to practice magic.
You have sharp fingernails.
You have very sharp teeth.
You have a pair of small horns on your head.


Message History

The leopard gecko hisses angrily.
The hound barely misses you. The hound bites you.
* * * LOW HITPOINT WARNING * * *
Casting: Magic Dart (safe; 2% risk of failure)
Confirm with . or Enter, or press ? or * to list all spells.
You don't have enough magic to cast that spell.
Unknown command.
It was a potion of cancellation.
You feel magically purged. The hound bites you.
* * * LOW HITPOINT WARNING * * *
You fade into invisibility!
The hound bites you but does no damage.
The crimson imp shouts, "Repent, thou gleeking base-court fustilarian!"
The hound bites you.
* * * LOW HITPOINT WARNING * * *
You are very lightly contaminated with residual magic.
The hound barely misses you. The hound misses you. The hound bites you.
You die...

#+# #. #.# ...
..#########.# ...♣
.......l5†..#####
...♣
###.##.##......#...♣
#5#..........♣
#...h@<...#.♣.♣
#####.##### .♣ #.#
.♣ #.# .♣ ..# .♣ #.#
. #.# #.# ...


You could see a hound and a crimson imp (wandering).

Vanquished Creatures
  A howler monkey (D:4)
  A hound (D:4)
  An orc wizard (D:3)
  An adder (D:3)
  2 oozes
  A worm (D:3)
  A dart slug (D:2)
  4 leopard geckos
  3 orcs (D:3)
  A ball python (D:2)
  5 bats
  4 giant cockroaches (D:2)
  3 goblins (D:1)
  7 hobgoblins
  4 frilled lizards
  10 kobolds
  6 rats
55 creatures vanquished.

Notes
Turn   | Place    | Note
-------+----------+-------------------------------------------
     0 | D:1      | McKennaii the Oni Wizard began the quest for the Orb.
     0 | D:1      | Reached XP level 1. HP: 14/14 MP: 5/5
   160 | D:1      | Reached XP level 2. HP: 19/20 MP: 0/7
   166 | D:1      | Learned a level 2 spell: Call Imp
   383 | D:1      | Reached XP level 3. HP: 25/26 MP: 3/9
   809 | D:2      | Reached skill level 3 in Spellcasting
   824 | D:2      | Reached skill level 1 in Unarmed Combat
   906 | D:2      | Reached XP level 4. HP: 10/33 MP: 0/10
  1319 | D:2      | Found a shattered altar of Ashenzari.
  1687 | D:3      | Noticed an orc warrior
  1701 | D:4      | Reached XP level 5. HP: 10/38 MP: 1/12
  1959 | D:4      | HP: 1/39 [hound (5)]
  1965 | D:4      | Slain by a hound

Skill      XL: |  1  2  3 |
---------------+----------+-----
Dodging        | 2 |  2.5
Spellcasting   | 3 |  3.5
Unarmed Combat | 1 |  1.6
Stealth        | 2 |  2.1
Fighting       | |  0.3

Action                   |  1- 3 |  4- 6 || total
-------------------------+-------+-------++-------
Melee: Unarmed           |    40 |    12 ||    52
       Bite              |     3 |     1 ||     4
       Headbutt          |     2 |       ||     2
 Cast: Magic Dart        |    72 |    56 ||   128
  Use: Potion            |       |     4 ||     4
  Eat: Chunk             |       |     3 ||     3
Armor: Animal skin       |    16 |     3 ||    19
Dodge: Dodged            |    33 |    37 ||    70
